[ AOE2 MATCH · #513786012 ]
UnrankedBerbers vs Tatars
Player's team · WIN
Rival team · LOSS
[ REPLAY ANALYSIS · EXTRACTED FROM THE RECORDED GAME ]
Feudal
16:30
Castle
24:00
Imperial
—
| APM avg | 68.6 |
| APM peak | 116 |
| eAPM avg | 25.1 |
| Villagers / military | 43 / 9 |
Focus
⚔️ 30.5% · 🌾 69.5%
Archer ×6 · Knight ×2 · Spearman ×1
Feudal
19:25
Castle
—
Imperial
—
| APM avg | 70.9 |
| APM peak | 134 |
| eAPM avg | 30.0 |
| Villagers / military | 43 / 6 |
Focus
⚔️ 27.4% · 🌾 72.6%
Skirmisher ×6
Match map
Initial resources + every placement click. Lines = walls · curves = elevation contours. ◆ gold · ⬟ stone · ● berries · ✦ relic · ◌ wall gap
Your base· Open — 4t gap
m0re's base· Open — unwalled flank
Smoothed initial terrain · ◌ = detected wall gap · hover for details
Inputs per minute
— Valas - - m0re
Build order — Valas
125 actions detected in the replay
| 0:01 | Queue | Villager (Male) |
| 0:02 | Queue | Villager (Male) |
| 0:02 | Queue | Villager (Male) |
| 0:02 | Build | House |
| 0:03 | Build | House |
| 0:18 | Queue | Villager (Male) |
| 1:44 | Research | Loom |
| 1:50 | Queue | Villager (Male) |
| 2:12 | Queue | Villager (Male) |
| 2:29 | Queue | Villager (Male) |
| 2:46 | Queue | Villager (Male) |
| 3:12 | Queue | Villager (Male) |
| 3:35 | Build | House |
| 3:41 | Build | Lumber Camp |
| 3:46 | Build | Palisade Wall |
| 3:50 | Build | House |
| 3:54 | Queue | Villager (Male) |
| 3:56 | Queue | Villager (Male) |
| 4:20 | Queue | Villager (Male) |
| 4:54 | Queue | Villager (Male) |
| 5:31 | Queue | Villager (Male) |
| 5:49 | Build | House |
| 6:18 | Queue | Villager (Male) |
| 6:54 | Queue | Villager (Male) |
| 7:17 | Queue | Villager (Male) |
| 7:27 | Build | Mill |
| 7:30 | Queue | Villager (Male) |
| 7:48 | Queue | Villager (Male) |
| 8:03 | Queue | Villager (Male) |
| 8:16 | Build | House |
| 8:17 | Build | House |
| 8:49 | Build | Farm |
| 8:50 | Build | Farm |
| 9:02 | Build | Farm |
| 9:04 | Queue | Villager (Male) |
| 9:12 | Build | Farm |
| 9:23 | Queue | Villager (Male) |
| 9:37 | Build | Farm |
| 9:42 | Queue | Villager (Male) |
| 10:00 | Build | House |
| 10:36 | Queue | Villager (Male) |
| 10:38 | Build | Farm |
| 10:58 | Queue | Villager (Male) |
| 11:08 | Queue | Villager (Male) |
| 11:32 | Build | House |
| 11:44 | Build | Farm |
| 11:50 | Build | Farm |
| 11:52 | Queue | Villager (Male) |
| 12:20 | Build | Farm |
| 12:26 | Queue | Villager (Male) |
| 12:54 | Queue | Villager (Male) |
| 13:18 | Queue | Villager (Male) |
| 13:26 | Build | Farm |
| 13:29 | Build | Farm |
| 13:31 | Build | Farm |
| 14:13 | Build | House |
| 14:14 | Build | House |
| 14:20 | Research | Feudal Age |
| 14:20 | Research | Feudal Age |
| 14:28 | Build | Barracks |
| 15:04 | Build | House |
| 15:05 | Build | House |
| 15:09 | Build | House |
| 15:23 | Build | Palisade Wall |
| 15:49 | Build | Mining Camp |
| 16:30 | Age | Feudal Age |
| 16:32 | Build | Archery Range |
| 16:33 | Queue | Villager (Male) |
| 16:40 | Queue | Spearman |
| 16:41 | Research | Double-Bit Axe |
| 16:48 | Build | Palisade Wall |
| 16:49 | Build | Palisade Wall |
| 17:06 | Queue | Villager (Male) |
| 17:07 | Queue | Archer |
| 17:10 | Queue | Villager (Male) |
| 17:26 | Build | Blacksmith |
| 17:34 | Queue | Archer |
| 17:34 | Queue | Villager (Male) |
| 17:54 | Research | Horse Collar |
| 18:01 | Research | Fletching |
| 18:04 | Queue | Archer |
| 18:04 | Queue | Villager (Male) |
| 18:14 | Queue | Villager (Male) |
| 18:39 | Build | Farm |
| 18:39 | Build | Farm |
| 18:40 | Queue | Villager (Male) |
| 18:43 | Build | Mining Camp |
| 18:55 | Queue | Villager (Male) |
| 19:08 | Queue | Archer |
| 19:08 | Queue | Villager (Male) |
| 19:15 | Build | Farm |
| 19:36 | Queue | Archer |
| 19:41 | Research | Town Watch |
| 19:44 | Build | Farm |
| 19:47 | Build | House |
| 19:50 | Queue | Villager (Male) |
| 20:21 | Queue | Villager (Male) |
| 20:27 | Build | Farm |
| 20:46 | Build | Outpost |
| 21:05 | Build | Farm |
| 21:11 | Build | Watch Tower |
| 21:18 | Build | Watch Tower |
| 21:21 | Research | Castle Age |
| 21:22 | Queue | Archer |
| 21:27 | Build | Palisade Wall |
| 21:31 | Build | Palisade Wall |
| 21:43 | Build | Farm |
| 21:44 | Build | Farm |
| 21:44 | Build | Farm |
| 21:46 | Build | Farm |
| 22:08 | Build | Palisade Wall |
| 22:09 | Build | Palisade Wall |
| 22:33 | Build | Stable |
| 22:38 | Queue | Villager (Male) |
| 23:11 | Research | Scale Barding Armor |
| 23:13 | Research | Bloodlines |
| 23:23 | Build | Stable |
| 23:30 | Build | Farm |
| 23:41 | Build | House |
| 24:00 | Build | House |
| 24:00 | Build | House |
| 24:00 | Age | Castle Age |
| 24:03 | Queue | Knight |
| 24:03 | Queue | Knight |
| 24:04 | Queue | Villager (Male) |
Build order — m0re
117 actions detected in the replay
| 0:00 | Queue | Villager (Male) |
| 0:00 | Queue | Villager (Male) |
| 0:01 | Build | House |
| 0:02 | Build | House |
| 0:04 | Queue | Villager (Male) |
| 0:14 | Queue | Villager (Male) |
| 1:19 | Research | Loom |
| 1:33 | Build | Palisade Wall |
| 1:35 | Build | Palisade Wall |
| 1:35 | Build | Palisade Wall |
| 1:44 | Queue | Villager (Male) |
| 2:03 | Queue | Villager (Male) |
| 3:00 | Queue | Villager (Male) |
| 3:30 | Queue | Villager (Male) |
| 3:56 | Queue | Villager (Male) |
| 5:05 | Queue | Villager (Male) |
| 5:07 | Queue | Villager (Male) |
| 5:07 | Queue | Villager (Male) |
| 5:56 | Build | House |
| 6:18 | Queue | Villager (Male) |
| 7:02 | Queue | Villager (Male) |
| 7:02 | Queue | Villager (Male) |
| 7:02 | Queue | Villager (Male) |
| 7:51 | Queue | Villager (Male) |
| 8:03 | Queue | Villager (Male) |
| 8:29 | Build | Palisade Gate |
| 8:33 | Queue | Villager (Male) |
| 8:35 | Build | Palisade Wall |
| 8:51 | Build | House |
| 8:53 | Queue | Villager (Male) |
| 9:07 | Queue | Villager (Male) |
| 9:19 | Build | Lumber Camp |
| 9:31 | Build | Palisade Wall |
| 9:31 | Build | Palisade Wall |
| 9:35 | Build | Palisade Wall |
| 9:36 | Build | Palisade Wall |
| 9:54 | Queue | Villager (Male) |
| 10:36 | Queue | Villager (Male) |
| 11:04 | Queue | Villager (Male) |
| 11:15 | Build | Mill |
| 11:26 | Queue | Villager (Male) |
| 12:37 | Queue | Villager (Male) |
| 12:44 | Queue | Villager (Male) |
| 12:51 | Build | Farm |
| 13:06 | Queue | Villager (Male) |
| 13:42 | Build | Farm |
| 13:43 | Build | Farm |
| 13:56 | Queue | Villager (Male) |
| 14:02 | Build | Palisade Wall |
| 14:02 | Build | Palisade Wall |
| 14:11 | Build | House |
| 14:43 | Build | Farm |
| 14:44 | Queue | Villager (Male) |
| 14:44 | Queue | Villager (Male) |
| 15:22 | Build | Farm |
| 15:25 | Queue | Villager (Male) |
| 15:44 | Build | House |
| 16:02 | Queue | Villager (Male) |
| 16:36 | Queue | Villager (Male) |
| 17:15 | Research | Feudal Age |
| 17:18 | Build | Palisade Wall |
| 17:21 | Build | Palisade Wall |
| 17:33 | Build | Palisade Wall |
| 17:45 | Build | Palisade Wall |
| 17:46 | Build | Palisade Wall |
| 17:53 | Build | Palisade Wall |
| 18:07 | Build | Palisade Wall |
| 18:10 | Build | Lumber Camp |
| 18:20 | Build | Palisade Wall |
| 18:30 | Build | Palisade Wall |
| 18:36 | Build | Barracks |
| 18:43 | Build | Palisade Wall |
| 19:17 | Queue | Villager (Male) |
| 19:25 | Age | Feudal Age |
| 19:25 | Build | Farm |
| 19:27 | Build | Archery Range |
| 19:29 | Queue | Villager (Male) |
| 19:42 | Build | House |
| 19:44 | Build | House |
| 19:55 | Build | Farm |
| 19:56 | Research | Double-Bit Axe |
| 19:57 | Queue | Skirmisher |
| 19:57 | Queue | Skirmisher |
| 19:57 | Queue | Skirmisher |
| 20:18 | Queue | Skirmisher |
| 20:31 | Build | Watch Tower |
| 20:39 | Queue | Skirmisher |
| 20:43 | Build | House |
| 20:52 | Queue | Villager (Male) |
| 20:55 | Build | House |
| 20:56 | Build | Farm |
| 20:56 | Build | Farm |
| 20:57 | Build | Farm |
| 20:58 | Build | Farm |
| 21:11 | Build | Farm |
| 21:23 | Queue | Villager (Male) |
| 21:25 | Build | Farm |
| 21:28 | Build | Palisade Wall |
| 21:33 | Build | Mining Camp |
| 21:53 | Build | Farm |
| 21:53 | Build | Farm |
| 21:54 | Build | Farm |
| 21:58 | Queue | Villager (Male) |
| 22:00 | Build | Farm |
| 22:09 | Queue | Skirmisher |
| 22:17 | Queue | Villager (Male) |
| 22:29 | Build | Farm |
| 22:29 | Build | Farm |
| 22:30 | Build | Farm |
| 22:44 | Build | Mining Camp |
| 22:45 | Queue | Villager (Male) |
| 22:58 | Queue | Villager (Male) |
| 23:23 | Build | Market |
| 23:32 | Build | Farm |
| 23:39 | Queue | Villager (Male) |
| 23:42 | Build | House |
| 23:50 | Build | Blacksmith |
Match timeline
| 1:33 | m0re · wall_segment Palisade Wall x1 |
| 1:35 | m0re · wall_segment Palisade Wall x1 |
| 1:35 | m0re · wall_segment Palisade Wall x1 |
| 3:46 | Valas · wall_segment Palisade Wall x1 |
| 8:35 | m0re · wall_segment Palisade Wall x1 |
| 9:31 | m0re · wall_segment Palisade Wall x1 |
| 9:31 | m0re · wall_segment Palisade Wall x1 |
| 9:35 | m0re · wall_segment Palisade Wall x1 |
| 9:36 | m0re · wall_segment Palisade Wall x1 |
| 14:02 | m0re · wall_segment Palisade Wall x2 |
| 14:02 | m0re · wall_segment Palisade Wall x1 |
| 14:28 | Valas · first_building Barracks |
| 15:23 | Valas · wall_segment Palisade Wall x7 |
| 16:30 | Valas · age_up feudal |
| 16:32 | Valas · first_building Archery Range |
| 16:48 | Valas · wall_segment Palisade Wall x1 |
| 16:49 | Valas · wall_segment Palisade Wall x1 |
| 17:18 | m0re · wall_segment Palisade Wall x10 |
| 17:21 | m0re · wall_segment Palisade Wall x4 |
| 17:33 | m0re · wall_segment Palisade Wall x14 |
| 17:45 | m0re · wall_segment Palisade Wall x4 |
| 17:46 | m0re · wall_segment Palisade Wall x9 |
| 17:53 | m0re · wall_segment Palisade Wall x2 |
| 18:07 | m0re · wall_segment Palisade Wall x1 |
| 18:20 | m0re · wall_segment Palisade Wall x7 |
| 18:30 | m0re · wall_segment Palisade Wall x1 |
| 18:36 | m0re · first_building Barracks |
| 18:43 | m0re · wall_segment Palisade Wall x1 |
| 19:25 | m0re · age_up feudal |
| 19:27 | m0re · first_building Archery Range |
| 21:27 | Valas · wall_segment Palisade Wall x1 |
| 21:28 | m0re · wall_segment Palisade Wall x1 |
| 21:31 | Valas · wall_segment Palisade Wall x1 |
| 22:08 | Valas · wall_segment Palisade Wall x1 |
| 22:09 | Valas · wall_segment Palisade Wall x1 |
| 22:33 | Valas · first_building Stable |
| 24:00 | Valas · age_up castle |
| 24:06 | m0re · resign |
[ AI ANALYSIS · 1 CREDIT ]
What really happened in this match?
Wolo.gg analyzes every decision: build order, eco, micro, common mistakes by bracket. Personalized analysis on WhatsApp or Discord in 30 seconds.
Civ guide
Berbers
Perfil
Jugador #628503